MWL (24 & UNDER)
BARRY'S BAY ORIOLES @ BEMIDJI BENDERS
04/10/2025
 
TOP OF THE 1ST
Barry's Bay Orioles batting - Pitching for Bemidji Benders : RHP Rod Day
Pitching: RHP Rod Day
Batting: RHB Luis Suárez 0-0: SINGLE (Groundball, 3S)
Batting: LHB Daniel Carter 0-0: Ball
1-0: Ball
2-0: Called Strike
2-1: Foul Ball, location: 2F
2-2: Ball
3-2: Strikes out swinging
Batting: RHB Pedro Molina 0-0: Ball
1-0: Called Strike
1-1: Foul Ball, location: 2F
1-2: Strikes out swinging
Batting: LHB John Horton 0-0: Ball
Luis Suárez steals 2nd base
1-0: Called Strike
1-1: Ball
2-1: Called Strike
2-2: Strikes out swinging
Top of the 1st over - 0 run(s), 1 hit(s), 0 error(s), 1 left on base; Barry's Bay 0 - Bemidji 0
BOTTOM OF THE 1ST
Bemidji Benders batting - Pitching for Barry's Bay Orioles : RHP José Padilla
Pitching: RHP José Padilla
Batting: SHB Conan Hanson 0-0: Ball
1-0: Called Strike
1-1: Swinging Strike
1-2: Foul Ball, location: 2F
1-2: Strikes out swinging
Batting: RHB Júlio Valdés 0-0: Foul Ball, location: 2F
0-1: Ball
1-1: Foul Ball, location: 2F
1-2: Ball
2-2: Fly out, F8 (Flyball, 89M)
Batting: RHB Javier Hernández 0-0: Swinging Strike
0-1: Fly out, F8 (Flyball, 8RM)
Bottom of the 1st over - 0 run(s), 0 hit(s), 0 error(s), 0 left on base; Barry's Bay 0 - Bemidji 0
TOP OF THE 2ND
Barry's Bay Orioles batting - Pitching for Bemidji Benders : RHP Rod Day
Batting: RHB Tom Hughes 0-0: Called Strike
0-1: Ball
1-1: Foul Ball, location: 2F
1-2: Foul Ball, location: 2F
1-2: Strikes out looking
Batting: RHB Jesús Villalobos 0-0: Foul Ball, location: 2F
0-1: Ball
1-1: Swinging Strike
1-2: Ball
2-2: Foul Ball, location: 2F
2-2: Foul Ball, location: 2F
2-2: Strikes out looking
Batting: RHB Vincent Braun 0-0: Foul Ball, location: 2F
0-1: Foul Ball, location: 2F
0-2: Ground out 5-3 (Groundball, 5)
Top of the 2nd over - 0 run(s), 0 hit(s), 0 error(s), 0 left on base; Barry's Bay 0 - Bemidji 0
BOTTOM OF THE 2ND
Bemidji Benders batting - Pitching for Barry's Bay Orioles : RHP José Padilla
Batting: LHB Raúl Morales 0-0: Called Strike
0-1: Foul Ball, location: 2F
0-2: Foul Ball, location: 2F
0-2: Ball
1-2: Foul Ball, location: 2F
1-2: Foul Ball, location: 2F
1-2: Ball
2-2: Ball
3-2: DOUBLE (Line Drive, 9LM)
Batting: LHB Tony O'Bryan 0-0: Called Strike
0-1: Foul Ball, location: 2F
0-2: Foul Ball, location: 2F
0-2: Ball
1-2: Ball
2-2: Ball
3-2: DOUBLE (Flyball, 8RM)
Raúl Morales scores
Batting: LHB Jesús Raugel 0-0: Ball
1-0: Foul Ball, location: 2F
1-1: Foul Ball, location: 2F
1-2: SINGLE (Line Drive, 3)
Tony O'Bryan to third
Batting: RHB Ken McDonald 0-0: Called Strike
Jesús Raugel steals 2nd base
0-1: Ball
1-1: Called Strike
1-2: Strikes out looking
Batting: RHB Roberto Solís 0-0: Called Strike
0-1: Ball
1-1: Ball
2-1: Ball
3-1: Fly out, F6 (Popup, 6D)
Batting: RHB Bob Carr 0-0: Fly out, F4 (Line Drive, 4)
Bottom of the 2nd over - 1 run(s), 3 hit(s), 0 error(s), 2 left on base; Barry's Bay 0 - Bemidji 1
TOP OF THE 3RD
Barry's Bay Orioles batting - Pitching for Bemidji Benders : RHP Rod Day
Batting: RHB Jeremy Flemming 0-0: Swinging Strike
0-1: Ball
1-1: Ball
2-1: Ground out 2-3 (Groundball, 2R)
Batting: SHB Walt Simmons 0-0: Called Strike
0-1: Ball
1-1: Foul Ball, location: 2F
1-2: Foul Ball, location: 2F
1-2: Ball
2-2: Ball
3-2: Base on Balls
Batting: RHB Luis Suárez 0-0: Called Strike
0-1: Foul Ball, location: 2F
0-2: SINGLE (Line Drive, 9LS)
Walt Simmons to second
Batting: LHB Daniel Carter 0-0: Ball
Wild Pitch!
Walt Simmons to third
Luis Suárez to second
1-0: Ball
2-0: Ball
3-0: Base on Balls
Batting: RHB Pedro Molina 0-0: Fly out, F7 (Flyball, 7D)
Runner from 3rd tags up, SCORES, no throw
Batting: LHB John Horton 0-0: Ball
1-0: Ball
2-0: Ball
Passed Ball!
Luis Suárez to third
Daniel Carter to second
3-0: Called Strike
3-1: Fly out, F8 (Flyball, 8LM)
Top of the 3rd over - 1 run(s), 1 hit(s), 0 error(s), 2 left on base; Barry's Bay 1 - Bemidji 1
BOTTOM OF THE 3RD
Bemidji Benders batting - Pitching for Barry's Bay Orioles : RHP José Padilla
Batting: SHB Conan Hanson 0-0: Ball
1-0: Called Strike
1-1: Foul Ball, location: 2F
1-2: Foul Ball, location: 2F
1-2: Reached on Error, E7 (Flyball, 7LM)
Batting: RHB Júlio Valdés 0-0: Ball
1-0: Called Strike
1-1: 2-RUN HOME RUN (Flyball, 7LD), Distance : 357 ft
Batting: RHB Javier Hernández 0-0: Swinging Strike
0-1: DOUBLE (Flyball, 9M)
Batting: LHB Raúl Morales 0-0: Ball
1-0: Foul Ball, location: 2F
1-1: Swinging Strike
1-2: Foul Ball, location: 2F
1-2: Ball
2-2: SINGLE (Groundball, 4M)
Javier Hernández to third
Batting: LHB Tony O'Bryan 0-0: Swinging Strike
0-1: Ball
1-1: Swinging Strike
1-2: Ball
2-2: Foul Ball, location: 2F
2-2: Foul Ball, location: 2F
2-2: Foul Ball, location: 2F
2-2: Strikes out looking
Batting: LHB Jesús Raugel 0-0: Ball
1-0: Foul Ball, location: 2F
1-1: Swinging Strike
1-2: Foul Ball, location: 2F
1-2: Fly out, F6 (Line Drive, 6D)
Batting: RHB Ken McDonald 0-0: Called Strike
0-1: Ball
1-1: Ball
2-1: Foul Ball, location: 2F
2-2: Fly out, F8 (Flyball, 8LM)
Bottom of the 3rd over - 2 run(s), 3 hit(s), 1 error(s), 2 left on base; Barry's Bay 1 - Bemidji 3
TOP OF THE 4TH
Barry's Bay Orioles batting - Pitching for Bemidji Benders : RHP Rod Day
Batting: RHB Tom Hughes 0-0: Ball
1-0: Ball
2-0: Ball
3-0: Base on Balls
Batting: RHB Jesús Villalobos 0-0: Called Strike
0-1: Ball
1-1: Ball
2-1: Swinging Strike
2-2: Ball
3-2: Foul Ball, location: 2F
3-2: Fly out, F7 (Flyball, 7D)
Batting: RHB Vincent Braun 0-0: Fly out, F2 (Popup, 2LF)
Batting: RHB Jeremy Flemming 0-0: Called Strike
Tom Hughes is caught stealing 2nd base
Top of the 4th over - 0 run(s), 0 hit(s), 0 error(s), 0 left on base; Barry's Bay 1 - Bemidji 3
BOTTOM OF THE 4TH
Bemidji Benders batting - Pitching for Barry's Bay Orioles : RHP José Padilla
Batting: RHB Roberto Solís 0-0: Called Strike
0-1: Foul Ball, location: 2F
0-2: Ball
1-2: Strikes out swinging
Batting: RHB Bob Carr 0-0: Foul Ball, location: 2F
0-1: Bunt for hit - play at first, batter OUT! 1-3
Batting: SHB Conan Hanson 0-0: Ground out 4-3 (Groundball, 34)
Bottom of the 4th over - 0 run(s), 0 hit(s), 0 error(s), 0 left on base; Barry's Bay 1 - Bemidji 3
TOP OF THE 5TH
Barry's Bay Orioles batting - Pitching for Bemidji Benders : RHP Rod Day
Batting: RHB Jeremy Flemming 0-0: Ball
1-0: Called Strike
1-1: Foul Ball, location: 2F
1-2: Ball
2-2: Ground out 5-3 (Groundball, 56S)
Batting: SHB Walt Simmons 0-0: Foul Ball, location: 2F
0-1: Ball
1-1: Ball
2-1: Ball
3-1: Base on Balls
Batting: RHB Luis Suárez 0-0: Foul Ball, location: 2F
0-1: Foul Ball, location: 2F
0-2: Foul Ball, location: 2F
0-2: Fly out, F8 (Flyball, 8LM)
Batting: LHB Daniel Carter 0-0: Ball
Throwing error on steal attempt, E2
Walt Simmons to third
1-0: Ball
2-0: Swinging Strike
2-1: Ball
3-1: Called Strike
3-2: Base on Balls
Pitching: RHP Ralph Oliver
Batting: RHB Pedro Molina 0-0: Foul Ball, location: 2F
0-1: Ball
1-1: Swinging Strike
1-2: Strikes out looking
Top of the 5th over - 0 run(s), 0 hit(s), 1 error(s), 2 left on base; Barry's Bay 1 - Bemidji 3
BOTTOM OF THE 5TH
Bemidji Benders batting - Pitching for Barry's Bay Orioles : RHP José Padilla
Batting: RHB Júlio Valdés 0-0: Ball
1-0: Fly out, F7 (Flyball, 78M)
Pitching: RHP Ben Hepworth
Batting: RHB Javier Hernández 0-0: Ball
1-0: SINGLE (Groundball, 4MD)
Batting: LHB Raúl Morales 0-0: Foul Ball, location: 2F
0-1: Ball
1-1: Ball
2-1: Foul Ball, location: 2F
2-2: Strikes out looking
Batting: LHB Tony O'Bryan 0-0: Called Strike
0-1: Ball
1-1: Swinging Strike
1-2: Ground out 4-3 (Groundball, 34)
Bottom of the 5th over - 0 run(s), 1 hit(s), 0 error(s), 1 left on base; Barry's Bay 1 - Bemidji 3
TOP OF THE 6TH
Barry's Bay Orioles batting - Pitching for Bemidji Benders : RHP Ralph Oliver
Batting: LHB John Horton 0-0: Ball
1-0: Ground out 1-3 (Groundball, 13S)
Batting: RHB Tom Hughes 0-0: Ball
1-0: Foul Ball, location: 2F
1-1: SINGLE (Flyball, 7LM)
Batting: RHB Jesús Villalobos 0-0: Fielders Choice at 2nd, 6-4 (Groundball, 6)
Batting: RHB Vincent Braun 0-0: Ball
Jesús Villalobos is caught stealing 2nd base
Top of the 6th over - 0 run(s), 1 hit(s), 0 error(s), 0 left on base; Barry's Bay 1 - Bemidji 3
BOTTOM OF THE 6TH
Bemidji Benders batting - Pitching for Barry's Bay Orioles : RHP Ben Hepworth
Batting: LHB Jesús Raugel 0-0: Fly out, F8 (Flyball, 8RM)
Batting: RHB Ken McDonald 0-0: Called Strike
0-1: Ball
1-1: Ball
2-1: Called Strike
2-2: Ball
3-2: Strikes out swinging
Batting: RHB Roberto Solís 0-0: Ground out 6-3 (Groundball, 6S)
Bottom of the 6th over - 0 run(s), 0 hit(s), 0 error(s), 0 left on base; Barry's Bay 1 - Bemidji 3
TOP OF THE 7TH
Barry's Bay Orioles batting - Pitching for Bemidji Benders : RHP Ralph Oliver
Batting: RHB Vincent Braun 0-0: Foul Ball, location: 2F
0-1: Swinging Strike
0-2: Ground out 5-3 (Groundball, 5S)
Batting: RHB Jeremy Flemming 0-0: Ball
1-0: Foul Ball, location: 2F
1-1: Swinging Strike
1-2: Strikes out swinging
Batting: SHB Walt Simmons 0-0: Ball
1-0: Foul Ball, location: 2F
1-1: Ball
2-1: Foul Ball, location: 2F
2-2: Fly out, F5 (Popup, 5F)
Top of the 7th over - 0 run(s), 0 hit(s), 0 error(s), 0 left on base; Barry's Bay 1 - Bemidji 3
BOTTOM OF THE 7TH
Bemidji Benders batting - Pitching for Barry's Bay Orioles : RHP Ben Hepworth
Batting: RHB Bob Carr 0-0: Ground out 5-3 (Groundball, 5S)
Pitching: RHP Nelson Peńa
Batting: SHB Conan Hanson 0-0: Called Strike
0-1: Ball
1-1: Ball
2-1: Foul Ball, location: 2F
2-2: Foul Ball, location: 2F
2-2: Foul Ball, location: 2F
2-2: Ground out U3 (Groundball, 3)
Batting: RHB Júlio Valdés 0-0: Ball
1-0: SINGLE (Line Drive, 56D)
Batting: RHB Javier Hernández 0-0: Swinging Strike
0-1: Hit by Pitch
Júlio Valdés to second
Pinch Hitting: LHB José González 0-0: Called Strike
0-1: Foul Ball, location: 2F
0-2: Hit by Pitch
Júlio Valdés to third
Javier Hernández to second
Batting: LHB Tony O'Bryan 0-0: Ball
1-0: DOUBLE (Line Drive, 4D)
Júlio Valdés scores
Javier Hernández scores
José González to third
Runner from 3rd tries for Home, SAFE, no throw or cutoff
Batting: LHB Jesús Raugel 0-0: DOUBLE (Flyball, 89M)
Tony O'Bryan scores
Pitching: RHP Rob Young
Batting: RHB Ken McDonald 0-0: Called Strike
0-1: Fly out, F6 (Popup, 6MD)
Bottom of the 7th over - 4 run(s), 3 hit(s), 0 error(s), 1 left on base; Barry's Bay 1 - Bemidji 7
TOP OF THE 8TH
Barry's Bay Orioles batting - Pitching for Bemidji Benders : RHP Ralph Oliver
Pitching: LHP Jesse Payne
Now at 3B: Jeff Mason
Batting: RHB Luis Suárez 0-0: Called Strike
0-1: Foul Ball, location: 2F
0-2: Ball
1-2: Strikes out swinging
Batting: LHB Daniel Carter 0-0: Called Strike
0-1: Ball
1-1: Called Strike
1-2: Ball
2-2: Strikes out swinging
Batting: RHB Pedro Molina 0-0: Called Strike
0-1: Swinging Strike
0-2: Ball
1-2: Strikes out swinging
Top of the 8th over - 0 run(s), 0 hit(s), 0 error(s), 0 left on base; Barry's Bay 1 - Bemidji 7
BOTTOM OF THE 8TH
Bemidji Benders batting - Pitching for Barry's Bay Orioles : RHP Rob Young
Batting: RHB Roberto Solís 0-0: Ball
1-0: Fly out, F9 (Line Drive, 9M)
Batting: RHB Bob Carr 0-0: Foul Ball, location: 2F
0-1: Ball
1-1: Ground out 5-3 (Groundball, 56S)
Batting: SHB Conan Hanson 0-0: Ball
1-0: Called Strike
1-1: Foul Ball, location: 2F
1-2: Strikes out swinging
Bottom of the 8th over - 0 run(s), 0 hit(s), 0 error(s), 0 left on base; Barry's Bay 1 - Bemidji 7
TOP OF THE 9TH
Barry's Bay Orioles batting - Pitching for Bemidji Benders : LHP Jesse Payne
Batting: LHB John Horton 0-0: Foul Ball, location: 2F
0-1: Called Strike
0-2: Fly out, F7 (Flyball, 78M)
Batting: RHB Tom Hughes 0-0: Ball
1-0: Fly out, F3 (Popup, 3SF)
Batting: RHB Jesús Villalobos 0-0: Called Strike
0-1: SINGLE (Groundball, 56D)
Batting: RHB Vincent Braun 0-0: Called Strike
0-1: Called Strike
0-2: Ball
1-2: Ball
2-2: Ground out 5-3 (Groundball, 5S)
Top of the 9th over - 0 run(s), 1 hit(s), 0 error(s), 1 left on base; Barry's Bay 1 - Bemidji 7
This league is powered by Out of the Park Baseball, the baseball management simulation game for PC, Mac and Linux
Tuesday, August 2nd, 2016 - OOTP Baseball 16.8 Build 38